 Dungeon Crawl Stone Soup version 0.28.0 (webtiles) character file.

Game seed: 7196631882978271774

204 croobank the Chopper (level 5, 0/48 HPs)
             Began as a Hill Orc Monk on Feb 16, 2022.
             Was a Believer of Beogh.
             Slain by a wyvern (10 damage)
             ... on level 4 of the Dungeon.
             The game lasted 00:12:40 (3450 turns).

croobank the Chopper (Hill Orc Monk)                Turns: 3450, Time: 00:12:40

Health: 0/48       AC:  8    Str: 16    XL:     5   Next: 82%
Magic:  5/5        EV: 11    Int: 10    God:    Beogh [**....]
Gold:   82         SH:  0    Dex: 13    Spells: 4/4 levels left

rFire   . . .      SeeInvis .   a - +0 hand axe (venom)
rCold   . . .      Faith    .   (no shield)
rNeg    . . .      Spirit   .   d - +0 ring mail
rPois   .          Reflect  .   v - +1 helmet
rElec   .          Harm     .   j - +0 cloak
rCorr   .          Rampage  .   (no gloves)
Will    .....                   (no boots)
Stlth   +.........              (no amulet)
HPRegen 0.16/turn               (no ring)
MPRegen 0.09/turn               (no ring)

@: no status effects
A: no striking features
a: Renounce Religion, Smiting


You were on level 4 of the Dungeon.
You worshipped Beogh.
Beogh was pleased with you.
You visited 1 branch of the dungeon, and saw 4 of its levels.

You collected 82 gold pieces.

Inventory:

Hand Weapons
 a - a +0 hand axe of venom (weapon)
 u - a +4 falchion of holy wrath
Missiles
 h - 19 arrows
 i - 78 sling bullets
 n - 5 stones
 o - 2 poisoned darts (quivered)
Armour
 b - a +0 robe
 d - a +0 ring mail (worn)
 g - a +0 leather armour
 j - a +0 cloak (worn)
 v - a +1 helmet (worn)
 w - a +0 animal skin
Scrolls
 c - a scroll of fear
 t - 2 scrolls of vulnerability
Potions
 k - a potion of curing {unknown}
 l - a potion of heal wounds
 m - 2 potions of flight {unknown}
 p - a potion of brilliance {unknown}
 s - 2 potions of attraction {unknown}


   Skills:
 + Level 5.0 Fighting
 + Level 5.3 Axes
 + Level 3.3 Dodging
 + Level 2.9 Stealth


You had 4 spell levels left.
You didn't know any spells.
Your spell library was empty.

Dungeon Overview and Level Annotations

Branches:
Dungeon (4/15)
 Temple: D:4-7

Altars:
Hepliaklqana


Message History

You hit the wyvern but do no damage.
The wyvern is moderately wounded.
The wyvern bites you. The wyvern closely misses you.
Your iguana closely misses the iguana.
The iguana bites your iguana.
You hit the wyvern.
The wyvern is poisoned.
The wyvern is heavily wounded.
The wyvern bites you!
Your iguana bites the iguana.
The iguana bites your iguana. The wyvern closely misses you.
Your iguana bites the iguana but does no damage.
Things that are here:
a wand of polymorph (9); a ball python corpse Your iguana bites the iguana.
The wyvern bites you but does no damage.
Your iguana bites the iguana but does no damage.
Found 27 arrows.
Found a stone staircase leading up.
The wyvern bites you!
A ball python, an orc and a hound skeleton come into view.
The orc shouts!
You hear a shout!
You hear an angry hiss.
An orc priest comes into view. It is wielding a +0 falchion.
A ball python comes into view. 2 orcs and an orc priest come into view.
The orc shouts!
The orc priest shouts, "Surrender to Beogh and we'll let you live!" (press Y on the ability menu to convert to Beogh)
The orc priest shouts! x2
The ball python bites you. The ball python closely misses you.
You bow before the missionary of Beogh.
Okay, then.
There are monsters nearby!
You bow before the missionary of Beogh.
Beogh welcomes you!
You can now smite your foes.
With a roar of approval, the orcs welcome you as one of their own, and spare your life.
The wyvern bites you.
* * * LOW HITPOINT WARNING * * *
The orc hits the hound skeleton with a +0 falchion!
The ball python completely misses the orc priest.
The ball python barely misses the orc priest.
The wyvern bites you!
You die...

..S..#
.o...#
###ooo...
###...o....
#<....Z....
##..........
#....S..#
#@# #l# #l#
###.# #.l.#
#.### ..
##l# #.
##..# ##.#
#..## ..


You could see a wyvern (poisoned, ally target), an iguana, 2 ball pythons, a
hound skeleton, 2 neutral orc priests, 3 neutral orcs and a friendly iguana
(summoned).

Vanquished Creatures
  Jessica (D:3)
  Robin (D:4)
  6 adders
  A worm (D:2)
  3 dart slugs
  3 orcs (D:3)
  11 ball pythons
  4 bats
  8 endoplasms
  3 giant cockroaches (D:1)
  7 hobgoblins
  2 jackals (D:1)
  6 quokkas
  7 frilled lizards
  17 goblins
  9 kobolds
  6 rats
95 creatures vanquished.

Vanquished Creatures (others)
  3 plants (D:2)
3 creatures vanquished.

Grand Total: 98 creatures vanquished

Notes
Turn   | Place    | Note
-------+----------+-------------------------------------------
     0 | D:1      | croobank the Hill Orc Monk began the quest for the Orb.
     0 | D:1      | Reached XP level 1. HP: 19/19 MP: 1/1
   157 | D:1      | Reached XP level 2. HP: 3/27 MP: 2/2
   815 | D:1      | Reached XP level 3. HP: 33/33 MP: 3/3
  1525 | D:2      | Reached XP level 4. HP: 14/40 MP: 4/4
  2582 | D:3      | Noticed Jessica
  2598 | D:3      | Killed Jessica
  2599 | D:3      | Reached skill level 5 in Axes
  2599 | D:3      | Reached XP level 5. HP: 35/47 MP: 5/5
  3082 | D:3      | Found a hazy altar of Hepliaklqana.
  3331 | D:4      | Noticed Robin
  3365 | D:4      | Killed Robin
  3366 | D:4      | Reached skill level 5 in Fighting
  3425 | D:4      | Noticed a wyvern
  3450 | D:4      | Became a worshipper of Beogh the Brigand
  3450 | D:4      | Reached * piety under Beogh
  3450 | D:4      | Reached ** piety under Beogh
  3450 | D:4      | Slain by a wyvern

Illustrated notes

Levels and vault maps discovered:
D:1:      dpeg_arrival_arbitrary_c, layout_loops_ring
D:2:      layout_loops_ring, nrook_mini_vaults, st_stairs_5,
          serial_bayou_lagoon_b
D:3:      minmay_door_path, layout_rooms, mainiacjoe_overflow_small_starburst,
          uniq_jessica
D:4:      layout_rooms, nicolae_overflow_hidden_temple,
          mainiacjoe_overflow_alcove_2, uniq_natasha, uniq_robin, uniq_pikel

Skill      XL: |  1  2  3  4  5 |
---------------+----------------+-----
Fighting       | 4 5 |  5.0
Stealth        | 2 |  2.9
Dodging        | 3 |  3.3
Axes           | 5 |  5.3

Action                   |  1- 3 |  4- 6 || total
-------------------------+-------+-------++-------
Melee: Hand axe          |   145 |   168 ||   313
       Punch             |     1 |     1 ||     2
       Unarmed           |       |    10 ||    10
Invok: Convert to Beogh  |       |     1 ||     1
  Use: Scroll            |       |     6 ||     6
 Stab: Sleeping          |     6 |     3 ||     9
       Distracted        |       |     1 ||     1
Armor: Robe              |    13 |       ||    13
       Leather armour    |    18 |       ||    18
       Ring mail         |     6 |    57 ||    63
Dodge: Dodged            |    75 |    88 ||   163
